 Dungeon Crawl Stone Soup version 0.27-a0-909-g0721f309d1 (webtiles) character file.

Game seed: 443018730581806463

2926 DarkShadow the Cleaver (level 9, -3/79 HPs)
             Began as a Minotaur Fighter on Apr 8, 2021.
             Slain by a wight
             ... wielding a +4 long sword
              (9 damage)
             ... on level 7 of the Dungeon.
             The game lasted 00:18:35 (8817 turns).

DarkShadow the Cleaver (Minotaur Fighter)           Turns: 8817, Time: 00:18:36

Health: -3/79      AC:  6    Str: 22    XL:     9   Next: 50%
Magic:  8/8        EV:  9    Int:  5    God:
Gold:   370        SH: 16    Dex: 12    Spells: 8/8 levels left

rFire    . . .     SeeInvis .   a - +0 war axe
rCold    . . .     Faith    .   c - +0 kite shield
rNeg     + . .     Spirit   .   b - +0 scale mail
rPois    .         Reflect  +   (helmet restricted)
rElec    +         Harm     .   d - +0 cloak {rCorr}
rCorr    +         Rampage  .   (no gloves)
Will     ++...                  (no boots)
Stlth    ..........             w - amulet of reflection
HPRegen  0.23/turn              e - ring of willpower
MPRegen  0.11/turn              n - ring of positive energy

@: no status effects
A: horns 2, retaliatory headbutt, hooves 1, deformed body, strong-willed 1,
electricity resistance
a: no special abilities


You were on level 7 of the Dungeon.
You visited 2 branches of the dungeon, and saw 8 of its levels.

You collected 370 gold pieces.

Inventory:

Hand Weapons
 a - a +0 war axe (weapon)
Missiles
 v - a curare-tipped dart (quivered)
Armour
 b - a +0 scale mail (worn)
 c - a +0 kite shield (worn)
 d - a +0 cloak of preservation (worn)
 q - a +1 cloak
 r - a +0 chain mail
Jewellery
 e - a ring of willpower (left hand)
 g - a ring of protection from cold
 l - an amulet of magic regeneration
 m - a ring of flight
 n - a ring of positive energy (right hand)
 w - an amulet of reflection (around neck)
Wands
 k - a wand of charming (9)
 s - a wand of paralysis (4)
Potions
 f - a potion of cancellation
 h - a potion of magic
 i - a potion of brilliance {unknown}
 j - 3 potions of curing
 o - a potion of heal wounds {unknown}
 p - 4 potions of attraction
 t - 2 potions of haste
 u - a potion of invisibility {unknown}


   Skills:
 + Level 7.1 Fighting
 + Level 10.0 Axes
 + Level 8.3 Armour
 + Level 3.5 Dodging
 + Level 1.3 Stealth
 + Level 7.2 Shields


You had 8 spell levels left.
You didn't know any spells.
Your spell library contained the following spells:

 Spells                   Type           Power      Damage    Failure   Level
 Animate Skeleton         Necr           0%         N/A       98%         1
 Apportation              Tloc           0%         N/A       98%         1
 Corona                   Hex            0%         N/A       98%         1
 Summon Small Mammal      Summ           0%         N/A       98%         1


Dungeon Overview and Level Annotations

Branches:
Dungeon (7/15)             Temple (1/1) D:6

Altars:
Ashenzari
Cheibriados
Dithmenos
Elyvilon
Hepliaklqana
Kikubaaqudgha
Nemelex Xobeh
Okawaru
Qazlal
Ru
Sif Muna
Uskayaw
Vehumet
Xom
Yredelemnul
The Shining One

Shops:
D:4 [


Innate Abilities, Weirdness & Mutations

You have a pair of horns on your head.
You reflexively headbutt those who attack you in melee.
You have large cloven feet.
Armour fits poorly on your strangely shaped body.
You are strong-willed. (Will+)
You are resistant to electric shocks. (rElec)


Message History

You miss something. You block the wight's attack.
Something hits you but does no damage. You block the wight's attack.
You slash the wight!
You destroy the wight!
You hit something but do no damage.
You hear some strange, mumbled words.
A magic dart appears from out of thin air!
The magic dart hits you!
* * * LOW HITPOINT WARNING * * *
You hit the wight. Your kick misses the wight.
The wight is lightly damaged.
You slash something!
Reactivating autopickup.
You feel a bit more experienced. You block the wight's attack.
A wight comes into view. It is wielding a +0 war axe.
You block the orc's attack.
You hit the wight. Your kick misses the wight.
You headbutt the wight, but do no damage.
The wight is moderately damaged.
You hit the orc. You block the wight's attack.
The orc hits you but does no damage.
You barely miss the wight.
The wight is moderately damaged.
You slash the orc!
You kill the orc!
The wight hits you with a +4 long sword!
* * * LOW HITPOINT WARNING * * *
You hit the wight but do no damage. Your kick misses the wight.
You headbutt the wight, but do no damage.
The wight is moderately damaged.
You barely miss the orc. The wight closely misses you.
You block the orc's attack.
You hit the wight. Your kick misses the wight.
The wight is moderately damaged.
You barely miss the orc. You block the wight's attack.
You block the orc's attack.
You closely miss the orc. Your headbutt misses the orc. You slash the wight!
The wight hits you but does no damage. The orc hits you but does no damage.
The wight hits you with a +4 long sword!
You die...

#.#.#.# #.#.#.# #.#.#.#
....#.# #.###.####
>........########
..###............
.....####.###########.###
..............zz@o.......
...#.##........####.#####
####.##........# ..
..##.##........# ... ..#
#####.#### ... ### #.. ..
...# # ##...


You could see 2 wights and an orc.

Vanquished Creatures
  Pikel (D:5)
  Prince Ribbit (D:6)
  Eustachio (D:5)
  A water moccasin (D:4)
  Duvessa (D:5)
  An ice beast (D:5)
  An orc warrior (D:7)
  A phantom (D:4)
  3 elf zombies (D:6)
  A kobold brigand (D:6)
  An elf skeleton (D:6)
  5 scorpions
  Dowan (D:4)
  3 wights (D:7)
  A howler monkey (D:6)
  A bullfrog zombie (D:5)
  A centaur zombie (D:6)
  An orc priest (D:4)
  2 hounds
  2 jellies
  3 centaur skeletons
  Crazy Yiuf (D:5)
  A gnoll shaman (D:6)
  A bullfrog skeleton (D:6)
  2 iguanas (D:4)
  Ijyb (D:4)
  5 orc wizards
  7 adders
  4 gnolls (D:6)
  3 worms
  4 dart slugs
  15 orcs
  10 ball pythons
  4 bats
  5 endoplasms
  3 giant cockroaches
  8 goblins
  4 hobgoblins
  13 jackals
  7 kobolds
  4 quokkas
  2 frilled lizards
  2 orc zombies (D:6)
  4 rats
143 creatures vanquished.

Vanquished Creatures (others)
  A bush (D:6)
  3 toadstools (D:6)
4 creatures vanquished.

Grand Total: 147 creatures vanquished

Notes
Turn   | Place    | Note
-------+----------+-------------------------------------------
     0 | D:1      | DarkShadow the Minotaur Fighter began the quest for the
                  | Orb.
     0 | D:1      | Reached XP level 1. HP: 19/19 MP: 0/0
   256 | D:1      | Reached XP level 2. HP: 27/27 MP: 1/1
   354 | D:1      | Reached skill level 3 in Axes
   512 | D:1      | Reached XP level 3. HP: 33/33 MP: 2/2
  1126 | D:2      | Found a faded altar of an unknown god.
  1489 | D:2      | You fall into a shaft and drop 1 floor!
  1542 | D:3      | Reached skill level 4 in Axes
  1542 | D:3      | Reached XP level 4. HP: 22/40 MP: 3/3
  1677 | D:3      | Noticed a scorpion
  1683 | D:3      | Killed a scorpion
  1684 | D:3      | Reached XP level 5. HP: 33/46 MP: 4/4
  1798 | D:3      | Gained mutation: You are strong-willed. (Will+) [potion of
                  | mutation]
  1798 | D:3      | Gained mutation: Armour fits poorly on your strangely
                  | shaped body. [potion of mutation]
  1798 | D:3      | Gained mutation: You are resistant to electric shocks.
                  | (rElec) [potion of mutation]
  1798 | D:3      | Gained mutation: You have large cloven feet. [potion of
                  | mutation]
  3349 | D:4      | Noticed a water moccasin
  3360 | D:4      | Killed a water moccasin
  3361 | D:4      | Reached skill level 5 in Axes
  3361 | D:4      | Reached skill level 5 in Armour
  3361 | D:4      | Reached skill level 1 in Dodging
  3361 | D:4      | Reached XP level 6. HP: 28/53 MP: 5/5
  3808 | D:4      | Found Nicaq's Armour Boutique.
  3826 | D:4      | Noticed Ijyb
  3841 | D:4      | Killed Ijyb
  3993 | D:4      | Reached skill level 6 in Axes
  4418 | D:4      | Reached XP level 7. HP: 37/60 MP: 6/6
  4561 | D:5      | Entered Level 5 of the Dungeon
  4572 | D:5      | Noticed Duvessa
  4581 | D:5      | Killed Duvessa
  4581 | D:5      | Noticed Dowan
  4859 | D:4      | Reached skill level 5 in Fighting
  4859 | D:4      | Reached skill level 7 in Axes
  4859 | D:4      | Reached skill level 5 in Shields
  5007 | D:4      | Killed Dowan
  5075 | D:5      | Found a runed translucent door.
  5076 | D:5      | Noticed Crazy Yiuf
  5084 | D:5      | Killed Crazy Yiuf
  5302 | D:5      | Noticed Eustachio
  5334 | D:5      | Killed Eustachio
  5335 | D:5      | Reached XP level 8. HP: 35/69 MP: 7/7
  5532 | D:5      | Reached skill level 8 in Axes
  5760 | D:5      | Noticed Pikel
  5789 | D:5      | Killed Pikel
  6085 | D:5      | Reached skill level 1 in Stealth
  6124 | D:5      | Reached skill level 9 in Axes
  6453 | D:6      | Noticed Prince Ribbit
  6490 | D:6      | Killed Prince Ribbit
  6491 | D:6      | Reached XP level 9. HP: 28/78 MP: 8/8
  6896 | D:6      | Found a sand-covered staircase.
  7043 | D:6      | Found a staircase to the Ecumenical Temple.
  7047 | Temple   | Entered the Ecumenical Temple
  8810 | D:7      | Reached skill level 10 in Axes
  8817 | D:7      | Slain by a wight

Illustrated notes

Levels and vault maps discovered:
D:1:      lordsloth_arrival_two_stooges, layout_basic, minmay_tromino_v4_a
D:2:      layout_loops_corners, ebering_ecumenical_altar_sacrificial
D:3:      layout_basic
D:4:      layout_basic, serial_shops, nicolae_shop_crystal, uniq_ijyb
D:5:      layout_basic, uniq_eustachio, uniq_pikel, uniq_duvessa,
          uniq_crazy_yiuf_cottage
D:6:      layout_layer_cave, minmay_temple_entry_glassed_door,
          nicolae_ossuary_entry_catacombs, kennysheep_decorative_pillar,
          minmay_gold_behind_fungi, serial_park_tiny_2,
          grunt_decor_mini_mirrors, kennysheep_cross_room, uniq_prince_ribbit1
D:7:      layout_basic
Temple:   lightli_temple_of_artemis

Skill      XL: |  1  2  3  4  5  6  7  8  9 |
---------------+----------------------------+-----
Shields        | 4 5 6 7 |  7.2
Axes           | 3 4 5 6 7 9 10 | 10.0
Armour         | 4 5 6 7 8 |  8.3
Fighting       | 4 5 6 7 |  7.1
Dodging        | 1 2 3 |  3.5
Stealth        | 1 |  1.3

Action                   |  1- 3 |  4- 6 |  7- 9 || total
-------------------------+-------+-------+-------++-------
Melee: War axe           |    91 |   104 |   220 ||   415
       Headbutt          |    14 |    20 |    39 ||    73
       Kick              |       |    16 |    59 ||    75
  Use: Scroll            |       |     6 |     6 ||    12
       Potion            |       |     1 |     1 ||     2
Armor: Scale mail        |    74 |    28 |    48 ||   150
Dodge: Dodged            |    42 |    25 |    65 ||   132
Block: Kite shield       |    54 |    61 |   174 ||   289
       Reflection        |       |       |     3 ||     3

Table legend: (Time is in decaauts)
 A = Elapsed time spent in this place.
 B = Non-inter-level travel time spent in this place.
 C = Inter-level travel time spent in this place.
 D = Time resting spent in this place.
 E = Time spent auto-exploring this place.
 F = Levels seen in this place.
 G = Mean time per level.
                   A        B        C        D        E       F      G
               +--------+--------+--------+--------+--------+-----+--------+
         Total |   8996 |   8991 |      5 |   2948 |   4126 |   8 | 1124.5 |
       Dungeon |   8777 |   8772 |      5 |   2948 |   4059 |   7 | 1253.9 |
        Temple |    218 |    218 |      0 |      0 |     67 |   1 |  218.0 |
               +--------+--------+--------+--------+--------+-----+--------+

Top non-repeatable levels by time:
     D:6: 2024 daAuts
     D:4: 1712 daAuts
     D:5: 1463 daAuts
     D:3: 1291 daAuts
     D:2: 1207 daAuts
     D:1: 881 daAuts
  Temple: 218 daAuts
     D:7: 197 daAuts
